TOP OF THE 1ST |
New York Yankees batting - Pitching for Houston Astros : RHP Prince Gibson
|
Pitching: RHP Prince Gibson
|
|
Batting: LHB Jason Peck
|
0-0: SINGLE (Groundball, 4D, EV 105.0 MPH)
|
Batting: RHB C.J. Richerson
|
0-0: Foul Ball, location: 2F 0-1: Grounds into double play, 6-4-3 (Groundball, 6S, EV 78.8 MPH)
|
Batting: SHB Bartholomeu Chambino
|
0-0: Called Strike 0-1: Called Strike 0-2: Ball 1-2: Ball 2-2: Fly out, F7 (Flyball, 7LM, EV 107.5 MPH)
|
Top of the 1st over - 0 runs, 1 hit, 0 errors, 0 left on base; New York 0 - Houston 0 |
BOTTOM OF THE 1ST |
Houston Astros batting - Pitching for New York Yankees : LHP Francisco Rivas
|
Pitching: LHP Francisco Rivas
|
|
Batting: RHB Jeremy Trump
|
0-0: Ball 1-0: Ground out 6-3 (Groundball, 6, EV 99.4 MPH)
|
Batting: SHB Joe Gardner
|
0-0: Called Strike 0-1: Ground out 2-3 (Groundball, 2R, EV 71.3 MPH)
|
Batting: SHB Addick de Vries
|
0-0: Called Strike 0-1: Ball 1-1: Ball 2-1: Ball 3-1: Fly out, F8 (Flyball, 8LD, EV 96.3 MPH)
|
Bottom of the 1st over - 0 runs, 0 hits, 0 errors, 0 left on base; New York 0 - Houston 0 |
TOP OF THE 2ND |
New York Yankees batting - Pitching for Houston Astros : RHP Prince Gibson
|
Batting: LHB Evan Torraville
|
0-0: Called Strike 0-1: Swinging Strike 0-2: Ball 1-2: Ball 2-2: SOLO HOME RUN (Flyball, 8RXD, EV 100.0 MPH), Distance : 417 ft
|
Batting: LHB Jordan de Jesus
|
0-0: Foul Ball, location: 2F 0-1: Foul Ball, location: 2F 0-2: Strikes out swinging
|
Batting: LHB Yao-pang Tien
|
0-0: Called Strike 0-1: SOLO HOME RUN (Flyball, 9D, EV 98.8 MPH), Distance : 383 ft
|
Batting: RHB Geni Prawiranega
|
0-0: Ball 1-0: Called Strike 1-1: Ground out 5-3 (Groundball, 25, EV 80.6 MPH)
|
Batting: LHB Alejandro Soriano
|
0-0: Called Strike 0-1: Ball 1-1: Swinging Strike 1-2: Ground out 4-3 (Groundball, 4, EV 81.3 MPH)
|
Top of the 2nd over - 2 runs, 2 hits, 0 errors, 0 left on base; New York 2 - Houston 0 |
BOTTOM OF THE 2ND |
Houston Astros batting - Pitching for New York Yankees : LHP Francisco Rivas
|
Batting: RHB Matt Thompson
|
0-0: Called Strike 0-1: Foul Ball, location: 2F 0-2: Foul Ball, location: 2F 0-2: Ball 1-2: Ball 2-2: Strikes out swinging
|
Batting: RHB Chris Fitzgerald
|
0-0: Foul Ball, location: 2F 0-1: Foul Ball, location: 2F 0-2: Ball 1-2: Strikes out swinging
|
Batting: LHB Ian Jarvis
|
0-0: Foul Ball, location: 2F 0-1: Swinging Strike 0-2: Ball 1-2: Ball 2-2: Foul Ball, location: 2F 2-2: Strikes out swinging
|
Bottom of the 2nd over - 0 runs, 0 hits, 0 errors, 0 left on base; New York 2 - Houston 0 |
TOP OF THE 3RD |
New York Yankees batting - Pitching for Houston Astros : RHP Prince Gibson
|
Batting: RHB Kai Bellow
|
0-0: Ball 1-0: Foul Ball, location: 2F 1-1: Ball 2-1: Foul Ball, location: 2F 2-2: Foul Ball, location: 2F 2-2: SINGLE (Line Drive, 9S, EV 99.4 MPH)
|
Batting: LHB Jason Peck
|
0-0: Ball 1-0: Ball 2-0: Foul Ball, location: 2F 2-1: Swinging Strike 2-2: Ball 3-2: Foul Ball, location: 2F 3-2: Fly out, F7 (Flyball, 78D, EV 101.9 MPH)
|
Batting: RHB C.J. Richerson
|
0-0: Called Strike 0-1: Fly out, F8 (Flyball, 8LD, EV 100.0 MPH)
|
Batting: SHB Bartholomeu Chambino
|
0-0: Ball 1-0: Swinging Strike 1-1: Foul Ball, location: 2F 1-2: Foul Ball, location: 2F 1-2: Ball 2-2: 2-RUN HOME RUN (Flyball, 9LD, EV 91.9 MPH), Distance : 341 ft
|
Batting: LHB Evan Torraville
|
0-0: Called Strike 0-1: Called Strike 0-2: Fly out, F5 (Popup, 56S, EV 76.3 MPH)
|
Top of the 3rd over - 2 runs, 2 hits, 0 errors, 0 left on base; New York 4 - Houston 0 |
BOTTOM OF THE 3RD |
Houston Astros batting - Pitching for New York Yankees : LHP Francisco Rivas
|
Batting: LHB Bryce Hill
|
0-0: Swinging Strike 0-1: Swinging Strike 0-2: Strikes out looking
|
Batting: LHB Bob Myers
|
0-0: Ball 1-0: Ground out U3 (Groundball, 3, EV 83.8 MPH)
|
Batting: LHB Chris Cabrera
|
0-0: Ball 1-0: Ball 2-0: Foul Ball, location: 2F 2-1: Foul Ball, location: 2F 2-2: Foul Ball, location: 2F 2-2: Foul Ball, location: 2F 2-2: SINGLE (Groundball, 4MD, EV 105.6 MPH)
|
Batting: RHB Jeremy Trump
|
0-0: Ball 1-0: Swinging Strike 1-1: Foul Ball, location: 2F 1-2: Ball 2-2: Fly out, F8 (Flyball, 89XD, EV 107.5 MPH)
|
Bottom of the 3rd over - 0 runs, 1 hit, 0 errors, 1 left on base; New York 4 - Houston 0 |
TOP OF THE 4TH |
New York Yankees batting - Pitching for Houston Astros : RHP Prince Gibson
|
Batting: LHB Jordan de Jesus
|
0-0: Ground out 6-3 (Groundball, 6, EV 90.6 MPH)
|
Batting: LHB Yao-pang Tien
|
0-0: Ball 1-0: Ball 2-0: Ground out 4-3 (Groundball, 4D, EV 106.3 MPH)
|
Batting: RHB Geni Prawiranega
|
0-0: Swinging Strike 0-1: Ball 1-1: Called Strike 1-2: Reached on error, E4 (Groundball, 4, EV 82.5 MPH)
|
Batting: LHB Alejandro Soriano
|
0-0: Called Strike 0-1: Ball 1-1: Ground out 1-3 (Groundball, 15S, EV 63.8 MPH)
|
Top of the 4th over - 0 runs, 0 hits, 1 error, 1 left on base; New York 4 - Houston 0 |
BOTTOM OF THE 4TH |
Houston Astros batting - Pitching for New York Yankees : LHP Francisco Rivas
|
Batting: SHB Joe Gardner
|
0-0: Foul Ball, location: 2F 0-1: Ball 1-1: Ball 2-1: Swinging Strike 2-2: Strikes out swinging
|
Batting: SHB Addick de Vries
|
0-0: Foul Ball, location: 2F 0-1: Ball 1-1: Fly out, F9 (Flyball, 9S, EV 88.1 MPH)
|
Batting: RHB Matt Thompson
|
0-0: Ball 1-0: Fly out, F8 (Flyball, 8LXD, EV 85.6 MPH)
|
Bottom of the 4th over - 0 runs, 0 hits, 0 errors, 0 left on base; New York 4 - Houston 0 |
TOP OF THE 5TH |
New York Yankees batting - Pitching for Houston Astros : RHP Prince Gibson
|
Batting: RHB Kai Bellow
|
0-0: Called Strike 0-1: Swinging Strike 0-2: Strikes out swinging
|
Batting: LHB Jason Peck
|
0-0: SINGLE (Groundball, 34D, EV 105.0 MPH)
|
Batting: RHB C.J. Richerson
|
0-0: Ball 1-0: Ball 2-0: Foul Ball, location: 2F 2-1: Ball Jason Peck steals 2nd base 3-1: DOUBLE (Line Drive, 89XD, EV 107.5 MPH) Jason Peck scores
|
Pitching: RHP Bill Tulk
|
|
Batting: SHB Bartholomeu Chambino
|
0-0: Swinging Strike 0-1: Ball 1-1: Ground out U3 (Groundball, 34, EV 91.3 MPH) C.J. Richerson to third
|
Batting: LHB Evan Torraville
|
0-0: Swinging Strike 0-1: Foul Ball, location: 2F 0-2: Ball 1-2: Foul Ball, location: 2F 1-2: Foul Ball, location: 2F 1-2: Ball 2-2: 2-RUN HOME RUN (Flyball, 9LD, EV 91.3 MPH), Distance : 337 ft
|
Batting: LHB Jordan de Jesus
|
0-0: Swinging Strike 0-1: Ball 1-1: Ball 2-1: Ground out 5-3 (Groundball, 56, EV 104.4 MPH)
|
Top of the 5th over - 3 runs, 3 hits, 0 errors, 0 left on base; New York 7 - Houston 0 |
BOTTOM OF THE 5TH |
Houston Astros batting - Pitching for New York Yankees : LHP Francisco Rivas
|
Batting: RHB Chris Fitzgerald
|
0-0: Called Strike 0-1: Foul Ball, location: 2F 0-2: Strikes out swinging
|
Batting: LHB Ian Jarvis
|
0-0: Ball 1-0: Swinging Strike 1-1: Foul Ball, location: 2F 1-2: Ball 2-2: Ball 3-2: Foul Ball, location: 2F 3-2: Foul Ball, location: 2F 3-2: Strikes out swinging
|
Batting: LHB Bryce Hill
|
0-0: Ball 1-0: Swinging Strike 1-1: Foul Ball, location: 2F 1-2: SINGLE (Flyball, 8RS, EV 93.1 MPH)
|
Batting: LHB Bob Myers
|
0-0: Ball 1-0: Ball 2-0: Ground out U3 (Groundball, 34, EV 78.8 MPH)
|
Bottom of the 5th over - 0 runs, 1 hit, 0 errors, 1 left on base; New York 7 - Houston 0 |
TOP OF THE 6TH |
New York Yankees batting - Pitching for Houston Astros : RHP Bill Tulk
|
Batting: LHB Yao-pang Tien
|
0-0: Called Strike 0-1: Swinging Strike 0-2: Foul Ball, location: 2F 0-2: Fly out, F9 (Flyball, 9S, EV 93.1 MPH)
|
Batting: RHB Geni Prawiranega
|
0-0: Called Strike 0-1: Ball 1-1: Ball 2-1: Foul Ball, location: 2F 2-2: Strikes out swinging
|
Batting: LHB Alejandro Soriano
|
0-0: Fly out, F8 (Flyball, 8RS, EV 96.3 MPH)
|
Top of the 6th over - 0 runs, 0 hits, 0 errors, 0 left on base; New York 7 - Houston 0 |
BOTTOM OF THE 6TH |
Houston Astros batting - Pitching for New York Yankees : LHP Francisco Rivas
|
Batting: LHB Chris Cabrera
|
0-0: Ball 1-0: Called Strike 1-1: Foul Ball, location: 2F 1-2: Strikes out swinging
|
Batting: RHB Jeremy Trump
|
0-0: Ball 1-0: Ground out 4-3 (Groundball, 4, EV 87.5 MPH)
|
Batting: SHB Joe Gardner
|
0-0: Called Strike 0-1: Foul Ball, location: 2F 0-2: Ball 1-2: Foul Ball, location: 2F 1-2: Strikes out swinging
|
Bottom of the 6th over - 0 runs, 0 hits, 0 errors, 0 left on base; New York 7 - Houston 0 |
TOP OF THE 7TH |
New York Yankees batting - Pitching for Houston Astros : RHP Bill Tulk
|
Batting: RHB Kai Bellow
|
0-0: Swinging Strike 0-1: Ball 1-1: Called Strike 1-2: Strikes out swinging
|
Batting: LHB Jason Peck
|
0-0: Ball 1-0: Swinging Strike 1-1: SINGLE (Line Drive, 78S, EV 105.6 MPH)
|
Batting: RHB C.J. Richerson
|
0-0: Swinging Strike 0-1: Swinging Strike 0-2: Foul Ball, location: 2F 0-2: Ball 1-2: Foul Ball, location: 2F 1-2: Foul Ball, location: 2F 1-2: Ball 2-2: Foul Ball, location: 2F 2-2: Ball 3-2: SINGLE (Groundball, 6MD, EV 100.6 MPH) Jason Peck to second
|
Pitching: RHP Danny Bustos
|
|
Pinch Hitting: RHB Jarrod Joyce
|
0-0: Ball 1-0: Swinging Strike 1-1: Ball 2-1: Ball 3-1: Called Strike 3-2: Strikes out swinging
|
Pinch Hitting: RHB Sam Saunders
|
0-0: Called Strike 0-1: Ball 1-1: Ball 2-1: Foul Ball, location: 2F 2-2: Strikes out swinging
|
Top of the 7th over - 0 runs, 2 hits, 0 errors, 2 left on base; New York 7 - Houston 0 |
BOTTOM OF THE 7TH |
Houston Astros batting - Pitching for New York Yankees : LHP Francisco Rivas
|
Now at 3B: Jarrod Joyce
|
|
Now in RF: Sam Saunders
|
|
Batting: SHB Addick de Vries
|
0-0: Swinging Strike 0-1: Ball 1-1: Ball 2-1: SINGLE (Groundball, 56D, EV 102.5 MPH)
|
Batting: RHB Matt Thompson
|
0-0: Ball 1-0: Ball 2-0: Grounds into double play, 6-4-3 (Groundball, 6, EV 87.5 MPH)
|
Batting: RHB Chris Fitzgerald
|
0-0: Called Strike 0-1: Ball 1-1: Ball 2-1: Ball 3-1: Base on Balls
|
Pitching: RHP Bao-qing Bu
|
|
Batting: LHB Ian Jarvis
|
0-0: Ball 1-0: Ground out 3-1 (Groundball, 34S, EV 79.4 MPH)
|
Bottom of the 7th over - 0 runs, 1 hit, 0 errors, 1 left on base; New York 7 - Houston 0 |
TOP OF THE 8TH |
New York Yankees batting - Pitching for Houston Astros : RHP Danny Bustos
|
Batting: LHB Jordan de Jesus
|
0-0: Ball 1-0: Ball 2-0: Ball 3-0: Called Strike 3-1: Fly out, F8 (Line Drive, 8RD, EV 97.5 MPH)
|
Batting: LHB Yao-pang Tien
|
0-0: Ground out 4-3 (Groundball, 4, EV 92.5 MPH)
|
Batting: RHB Geni Prawiranega
|
0-0: Fly out, F8 (Flyball, 8LM, EV 85.6 MPH)
|
Top of the 8th over - 0 runs, 0 hits, 0 errors, 0 left on base; New York 7 - Houston 0 |
BOTTOM OF THE 8TH |
Houston Astros batting - Pitching for New York Yankees : RHP Bao-qing Bu
|
Batting: LHB Bryce Hill
|
0-0: Ground out 4-3 (Groundball, 4, EV 102.5 MPH)
|
Batting: LHB Bob Myers
|
0-0: DOUBLE (Line Drive, 89XD, EV 111.9 MPH)
|
Batting: LHB Chris Cabrera
|
0-0: Ball 1-0: SINGLE (Groundball, 13S, EV 70.0 MPH) (infield hit) Bob Myers to third
|
Batting: RHB Jeremy Trump
|
0-0: Fly out, F9 (Flyball, 89S, EV 70.6 MPH)
|
Batting: SHB Joe Gardner
|
0-0: Ground out 4-3 (Groundball, 4, EV 108.1 MPH)
|
Bottom of the 8th over - 0 runs, 2 hits, 0 errors, 2 left on base; New York 7 - Houston 0 |
TOP OF THE 9TH |
New York Yankees batting - Pitching for Houston Astros : RHP Danny Bustos
|
Batting: LHB Alejandro Soriano
|
0-0: Called Strike 0-1: Ball 1-1: Swinging Strike 1-2: Ball 2-2: Strikes out swinging
|
Batting: RHB Kai Bellow
|
0-0: Foul Ball, location: 2F 0-1: Ball 1-1: Called Strike 1-2: Fly out, F8 (Line Drive, 8RD, EV 94.4 MPH)
|
Batting: LHB Jason Peck
|
0-0: Ball 1-0: Ball 2-0: SOLO HOME RUN (Flyball, 9LD, EV 93.1 MPH), Distance : 338 ft
|
Batting: RHB C.J. Richerson
|
0-0: SINGLE (Flyball, 34D, EV 87.5 MPH)
|
Batting: RHB Jarrod Joyce
|
0-0: Called Strike 0-1: Called Strike 0-2: Ball 1-2: Ball 2-2: Strikes out swinging
|
Top of the 9th over - 1 run, 2 hits, 0 errors, 1 left on base; New York 8 - Houston 0 |
BOTTOM OF THE 9TH |
Houston Astros batting - Pitching for New York Yankees : RHP Bao-qing Bu
|
Batting: SHB Addick de Vries
|
0-0: Ball 1-0: Ground out 5-3 (Groundball, 56, EV 105.0 MPH)
|
Batting: RHB Matt Thompson
|
0-0: Called Strike 0-1: Swinging Strike 0-2: Ball 1-2: Ball 2-2: Ball 3-2: Ground out 4-3 (Groundball, 4, EV 86.3 MPH)
|
Batting: RHB Chris Fitzgerald
|
0-0: Reached on error, E4 (Groundball, 4, EV 92.5 MPH)
|
Batting: LHB Ian Jarvis
|
0-0: Foul Ball, location: 2F 0-1: Ball 1-1: Ball 2-1: Foul Ball, location: 2F 2-2: Strikes out looking
|
Bottom of the 9th over - 0 runs, 0 hits, 1 error, 1 left on base; New York 8 - Houston 0 |
|